Map: Simulacrum LE

Players

Liquidthermy (uThermal) - Winner!

  • Race: Terran Terran
  • Spawn Location: 11:00

Trap

  • Race: Protoss Protoss
  • League: Bronze
  • Spawn Location: 5:00

Event: Shopify TSL 5

VOD

Have the link to the VOD?

Description

Time

  • Played on: May 31, 2020, 8:16 a.m.
  • Length: 9:11

All games in this series

Show
View Real Time Build Order
Export as new Build Order

Liquidthermy Terran - Winner!

Build Orders: Cyclone Opening 

Get SALT Encoding   

  12  0:01  SCV  
  13  0:14  SCV  
  14  0:17  Supply Depot  
  14  0:26  SCV  
  15  0:39  SCV  
  15  0:40  Barracks  
  16  0:44  Refinery  
  16  0:51  SCV  
  16  0:54  Refinery  
  17  1:03  SCV  
  18  1:15  SCV  
  19  1:27  Orbital Command, Reaper  
  20  1:33  Supply Depot  
  20  1:42  Factory  
  20  1:53  SCV  
  21  1:59  Barracks Tech Lab  
  21  2:05  SCV  
  22  2:17  SCV  
  23  2:29  SCV, Command Center  
  24  2:33  Cyclone  
  27  2:41  Supply Depot  
  27  2:43  SCV  
  28  2:55  SCV, Barracks Reactor  
  29  2:58  Barracks  
  29  3:05  Siege Tank  
  32  3:12  Barracks  
  32  3:16  SCV  
  33  3:28  SCV  
  33  3:32  Marine x2  
  36  3:37  Siege Tank  
  36  3:41  SCV  
  40  3:47  Barracks Tech Lab  
  39  3:49  Marine  
  39  3:50  Marine  
  39  3:53  SCV  
  42  4:00  Barracks Tech Lab  
  42  4:01  Orbital Command  
  42  4:06  SCV, Marine  
  42  4:07  Stimpack  
  42  4:09  Marine x2  
  46  4:14  Siege Tank  
  49  4:19  Supply Depot  
  49  4:20  Marine  
  51  4:24  SCV, Marine  
  51  4:29  Combat Shield  
  53  4:31  Marine x2  
  54  4:38  Supply Depot  
  54  4:40  SCV, Marine  
  54  4:45  SCV  
  57  4:46  Marine  
  57  4:49  Marine  
  59  4:54  Siege Tank  
  59  4:56  Marine  
  59  4:58  SCV  
  59  4:59  SCV, Marine  
  61  5:04  Marine  
  61  5:05  Supply Depot  
  63  5:07  Marine  
  63  5:12  SCV  
  63  5:13  SCV  
  66  5:15  Marine  
  66  5:17  Marine  
  68  5:21  Marine  
  68  5:26  Siege Tank  
  72  5:30  Marine, Supply Depot  
  72  5:31  SCV  
  72  5:32  Marine  
  76  5:35  SCV  
  76  5:36  Marine  
  76  5:42  Marine  
  78  5:51  SCV x2, Marine  
  78  5:54  Marine  
  82  5:57  Supply Depot  
  82  5:59  Siege Tank  
  82  6:03  Marauder  
  86  6:18  Supply Depot  
  86  6:19  SCV x2, Marauder, Marine x2, Supply Depot  
  86  6:24  Marauder  
  94  6:35  Bunker  
  94  6:36  Bunker  
  94  6:37  Siege Tank  
  94  6:39  Marine  
  98  6:41  Marauder  
  98  6:44  Marine  
  101  6:47  SCV  
  101  6:48  Supply Depot  
  102  6:55  Marine  
  102  6:58  SCV  
  104  7:02  SCV, Marauder  
  104  7:03  Marine  
  104  7:08  Bunker, Marine  
  109  7:10  Engineering Bay  
  109  7:14  Siege Tank  
  105  7:16  Marine  
  98  7:25  SCV  
  98  7:27  Marine, Marauder  
  98  7:29  SCV, Bunker  
  103  7:34  Marine, Marauder  
  106  7:44  SCV, Starport  
  107  7:45  Marine  
  107  7:49  Siege Tank  
  111  7:53  Missile Turret  
  111  7:54  Marine  
  110  8:01  Marine  
  110  8:02  Marauder  
  103  8:06  Missile Turret  
  103  8:10  Marine  
  103  8:11  Missile Turret  
  103  8:13  Marine  
  104  8:20  Marauder  
  104  8:21  Siege Tank  
  108  8:28  Marine  
  108  8:29  Marauder  
  111  8:34  Bunker  
  111  8:35  Refinery  
  111  8:36  Marine, Refinery  
  114  8:41  Marauder  
  114  8:46  Marine  
  115  8:48  Missile Turret  
Show
View Real Time Build Order
Export as new Build Order

Trap Protoss 

Build Orders: 1 Gate Expand, Colossus Rush 

Get SALT Encoding   

  12  0:00  Probe  
  13  0:12  Probe  
  14  0:18  Pylon  
  14  0:24  Probe  
  15  0:36  Gateway  
  15  0:38  Probe (Chrono Boost)  
  16  0:48  Probe (Chrono Boost)  
  17  0:51  Assimilator  
  17  0:53  Probe (Chrono Boost)  
  18  1:04  Probe  
  19  1:17  Probe  
  20  1:24  Cybernetics Core  
  20  1:35  Nexus  
  20  1:42  Pylon  
  20  1:45  Probe  
  21  1:56  Warp Gate (Chrono Boost)  
  21  1:57  Probe  
  21  1:58  Stalker (Chrono Boost)  
  22  2:05  Assimilator  
  24  2:09  Probe  
  25  2:21  Stalker  
  26  2:25  Probe  
  26  2:29  Gateway  
  27  2:38  Probe  
  28  2:51  Stalker  
  28  2:54  Probe, Robotics Facility  
  28  2:56  Probe  
  32  3:06  Probe  
  32  3:09  Probe  
  34  3:13  Shield Battery  
  34  3:19  Probe  
  35  3:21  Probe  
  36  3:30  Stalker x2  
  36  3:33  Probe x2  
  42  3:40  Warp Prism (Chrono Boost)  
  44  3:49  Probe  
  44  3:50  Probe  
  44  3:54  Pylon  
  46  4:12  Probe x2  
  46  4:13  Stalker x2  
  46  4:15  Pylon  
  52  4:19  Robotics Bay  
  51  4:25  Probe x2  
  51  4:29  Pylon  
  53  4:32  Immortal (Chrono Boost)  
  57  4:48  Probe x2, Assimilator  
  57  4:49  Assimilator  
  59  5:02  Colossus (Chrono Boost)  
  59  5:04  Pylon  
  59  5:05  Pylon  
  65  5:10  Gateway  
  65  5:13  Extended Thermal Lance (Chrono Boost)  
  65  5:19  Zealot x2  
  69  5:26  Gateway  
  69  5:40  Colossus (Chrono Boost)  
  67  5:43  Shield Battery  
  67  5:45  Shield Battery  
  67  5:48  Sentry  
  71  6:06  Sentry, Zealot  
  75  6:19  Colossus (Chrono Boost)  
  75  6:20  Pylon  
  75  6:21  Pylon  
  75  6:24  Zealot x2  
  83  6:29  Zealot  
  85  6:35  Pylon  
  85  6:37  Pylon  
  85  6:48  Zealot  
  85  6:49  Zealot x3  
  85  6:53  Pylon  
  93  7:06  Immortal (Chrono Boost)  
  91  7:18  Zealot x2  
  91  7:19  Zealot x2  
  91  7:22  Twilight Council  
  93  7:28  Gateway  
  93  7:35  Immortal (Chrono Boost)  
  93  7:41  Sentry x3  
  103  7:45  Zealot  
  103  7:49  Probe x2  
  101  8:04  Warp Prism (Chrono Boost)  
  87  8:14  Shield Battery  
  87  8:17  Zealot x3  
  93  8:34  Templar Archives  
  91  8:43  Zealot x2  
  91  8:44  Zealot x2  
Tags
 
Add a new tag
Caveats
  • Supply blocks, unpowered buildings, or Contaminate may cause inaccurate times.
  • Supply counts are checked every 10 seconds.